Description

150/200 F2A

Replay - Dragon Scales LE (25)

Build Order

Get SALT Encoding   

  12  0:00  Probe  
  13  0:12  Probe  
  14  0:18  Pylon  
  14  0:24  Probe (Chrono Boost)  
  15  0:36  Gateway  
  15  0:38  Probe (Chrono Boost)  
  16  0:45  Assimilator  
  16  0:48  Probe  
  17  1:00  Probe  
  18  1:12  Probe  
  19  1:24  Probe  
  20  1:26  Cybernetics Core  
  20  1:37  Nexus  
  20  1:43  Pylon  
  20  1:46  Assimilator  
  20  1:47  Probe  
  21  1:59  Probe  
  21  2:00  Stalker (Chrono Boost)  
  24  2:11  Warp Gate  
  25  2:22  Stalker  
  28  2:42  Twilight Council  
  33  3:02  Gateway  
  33  3:05  Robotics Facility  
  35  3:13  Gateway  
  37  3:22  Blink (Chrono Boost)  
  37  3:32  Assimilator x2  
  39  3:44  Pylon  
  40  3:50  Shield Battery  
  40  3:52  Observer  
  44  4:08  Robotics Bay  
  45  4:14  Observer  
  45  4:16  Forge  
  48  4:24  Stalker x2  
  53  4:33  Pylon  
  53  4:43  Pylon  
  53  4:49  Immortal (Chrono Boost)  
  57  4:59  Nexus  
  57  5:04  Sentry x2  
  61  5:09  Stalker  
  61  5:13  Protoss Ground Weapons Level 1  
  64  5:21  Colossus (Chrono Boost)  
  70  5:34  Gateway x2  
  70  5:40  Gateway  
  71  5:55  Shield Battery  
  72  5:57  Charge  
  73  6:10  Colossus (Chrono Boost)  
  79  6:16  Extended Thermal Lance  
  84  6:27  Gateway x2  
  88  6:50  Templar Archives  
  90  6:58  Colossus (Chrono Boost), Assimilator x2  
  96  7:03  Gateway x2  
  96  7:11  Stalker x2  
  100  7:17  Protoss Ground Weapons Level 2 (Chrono Boost)  
  103  7:37  High Templar x2  
  103  7:41  Archon  
  103  7:42  Warp Prism (Chrono Boost)  
  109  7:51  High Templar x2  
  109  7:53  Zealot x2  
  109  7:55  Archon  
  117  8:01  Zealot x4  
  125  8:10  High Templar x2  
  129  8:15  Archon, Zealot x2  
  136  8:36  High Templar x2  
  136  8:37  Zealot x2  
  136  8:40  Archon  
  150  8:48  Nexus  
  148  9:02  High Templar x2  
  148  9:07  Archon x2  
  162  9:13  Shield Battery  
  162  9:15  Photon Cannon  
  165  9:27  Robotics Facility  
Spawning Tool Build Advisor. Get it on Overwolf

Go to:

Details

  • Created by: TwingsO
  • Published on: Mar 06, 2023
  • Modified on: Mar 06, 2023
  • Patch: 5.0.11
  • Difficulty: Medium
Show
View Real Time Build Order
Export as new Build Order

Comments (0)

There are no comments. Be the first!

Create an account to comment!